 Dungeon Crawl Stone Soup version 0.31.0-11-ge490571c62 (webtiles) character file.

Game seed: 7830722310690609492

4738 CougarLife the Summoner (level 10, -19/48 HPs)
             Began as a Felid Summoner on Feb 3, 2024.
             Was a Follower of Kikubaaqudgha.
             Shot with a sling bullet by Joseph (30 damage)
             ... on level 8 of the Dungeon.
             The game lasted 00:30:06 (10413 turns).

CougarLife the Summoner (Felid Summoner)           Turns: 10413, Time: 00:30:07

Health: -19/48     AC:  2    Str:  4    XL:     10   Next: 22%
Magic:  22/22      EV: 19    Int: 22    God:    Kikubaaqudgha [*.....]
Gold:   355        SH:  0    Dex: 18    Spells: 9/23 levels left
                                        Lives:  0   Deaths: 3

rFire   . . .        (weapon unavailable)
rCold   . . .        (shield unavailable)
rNeg    . . .        (body armour unavailable)
rPois   .            (helmet unavailable)
rElec   .            (cloak unavailable)
rCorr   .            (gloves unavailable)
SInv    +            (boots unavailable)
Will    +....        n - amulet of magic regeneration
Stlth   +++          (no ring)
HPRegen 0.28/turn    (no ring)
MPRegen 0.58/turn

%: no passive effects
@: inugami summoned
A: very small, claws 1, fangs 3, see invisible, shaggy fur 2, stealthy paws, no
weapons or thrown items, no armour, multi-lived
a: Renounce Religion, Unearth Wretches


You were on level 8 of the Dungeon.
You worshipped Kikubaaqudgha.
Kikubaaqudgha was aware of your devotion.
You visited 2 branches of the dungeon, and saw 9 of its levels.

You collected 355 gold pieces.

Inventory:

Jewellery
 n - an amulet of magic regeneration (around neck)
Wands
 b - a wand of roots (7)
 h - a wand of mindburst (17)
 o - a wand of light (15)
 p - a wand of paralysis (13)
 x - a wand of polymorph (3)
Scrolls
 d - a scroll of blinking
 e - a scroll of summoning {unknown}
 g - 2 scrolls of fear {unknown}
 j - 4 scrolls of noise
 q - 3 scrolls of teleportation {unknown}
 t - a scroll of poison {unknown}
 u - a scroll of fog {unknown}
 w - 2 scrolls of vulnerability {unknown}
Potions
 a - a potion of magic
 c - 4 potions of haste
 f - a potion of enlightenment {unknown}
 i - 2 potions of might
 k - 2 potions of heal wounds
 l - 2 potions of invisibility
 m - 4 potions of curing
 r - 2 potions of attraction {unknown}
 s - a potion of degeneration {unknown}
 v - 2 potions of lignification {unknown}
 z - a potion of brilliance {unknown}


   Skills:
 + Level 2.9 Fighting
 + Level 5.0 Dodging
 + Level 5.3 Stealth
 + Level 7.3 Spellcasting
 + Level 8.7 Summonings
 - Level 5.0 Fire Magic
 * Level 4.2 Air Magic
 + Level 4.8 Evocations


You had 9 spell levels left.
You knew the following spells:

 Your Spells              Type           Power      Damage    Failure   Level
a - Summon Small Mammal   Summ           100%       N/A       1%          1
b - Call Imp              Summ           92%        N/A       1%          2
c - Call Canine Familiar  Summ           46%        N/A       1%          3
d - Summon Blazeheart Go  Fire/Summ      38%        N/A       4%          4
e - Summon Lightning Spi  Summ/Air       36%        N/A       5%          4

Your spell library contained the following spells:

 Spells                   Type           Power      Damage    Failure   Level
 Cigotuvi's Dreadful Rot  Necr/Alch/Air  28%        N/A       7%          2
 Magic Dart               Conj           32%        1d4       8%          1
 Necrotise                Necr           32%        1d5       8%          1
 Blink                    Tloc           16%        N/A       12%         2
 Lesser Beckoning         Tloc           16%        N/A       12%         2
 Momentum Strike          Conj/Tloc      16%        3d8       12%         2
 Sublimation of Blood     Necr           8%         N/A       12%         2
 Fugue of the Fallen      Necr           8%         N/A       24%         3
 Sigil of Binding         Hex            8%         N/A       24%         3
 Cause Fear               Hex            4%         N/A       61%         4
 Fireball                 Conj/Fire      9%         3d6       61%         5
 Summon Hydra             Summ           23%        N/A       88%         7
 Dragon's Call            Summ           23%        N/A       100%        9
 Dimensional Bullseye     Hex/Tloc       Unusable   N/A       N/A         4

Dungeon Overview and Level Annotations

Branches:
Dungeon (8/15)             Temple (1/1) D:4
   Lair: D:8-11

Altars:
Ashenzari
Cheibriados
Dithmenos
Elyvilon
Fedhas
Gozag
Kikubaaqudgha
Makhleb
Nemelex Xobeh
Qazlal
Ru
Sif Muna
Trog
Uskayaw
Vehumet
Wu Jian
Xom
Yredelemnul
Zin
The Shining One

Shops:
D:3 =

Annotations:
D:8 Erica, Joseph


Innate Abilities, Weirdness & Mutations

You have sharp claws.
You have razor-sharp teeth.
You have supernaturally acute eyesight. (SInv)
You are covered in thick fur. (AC +2)
Your paws help you pounce on unaware monsters.
You are incapable of wielding weapons or throwing items.
You cannot wear armour.
You gain extra lives every three experience levels.


Message History

Erica closely misses your inugami. x2; Joseph shoots a sling bullet.
The sling bullet hits you!
Your blazeheart golem's core grows cold and it stops moving.
Erica hits your blazeheart golem with a +3 scimitar of flaming!
Your inugami closely misses Erica.
Erica hits your blazeheart golem with a +3 scimitar of flaming!
Erica burns your blazeheart golem.
Your inugami hits Erica.
You see here a +0 ring mail.
Erica hits your blazeheart golem with a +3 scimitar of flaming.
Your inugami hits Erica!
Casting: Call Canine Familiar (safe; 1% risk of failure)
Confirm with . or Enter, or press ? or * to list all spells.
An electric hum fills the air.
Erica hits your blazeheart golem with a +3 scimitar of flaming!
Your inugami hits Erica!
An ice beast comes into view.
Something hits your inugami but does no damage.
Something barely misses your inugami.
You start resting.
Something hits your inugami.
Your inugami closely misses Erica.
You start resting.
Your lightning spire disappears in a puff of smoke!
Erica is nearby!
You swap places.
Joseph shouts at your inugami, "I love to fight!
I love killing!"
You see here a +0 ring mail.
Joseph unwields a +0 quarterstaff.
Joseph wields a +5 heavy sling.
Joseph shoots a sling bullet.
The sling bullet hits you!!
Ouch! That really hurt!
* * * LOW HITPOINT WARNING * * *
Your inugami hits Erica.
Erica hits your inugami with a +3 scimitar of flaming.
Erica burns your inugami. Erica grabs your inugami.
Erica constricts your inugami.
Your inugami hits Erica!
Joseph says, "You must be punished!
Or...
I want to punish you!"
Joseph shoots a sling bullet.
The sling bullet barely misses you.
Joseph shoots a sling bullet.
The sling bullet hits you!!
Ouch! That really hurt!
You die...
Kikubaaqudgha rasps: "You have failed me!
Welcome... death!"

.#.# .#.. ..## #.###.#.# ... ...
..# ..8..x.# #.# #.# ##.# #....#
#.###@##.##x# #.# ###........##h#
#.# ........#####.# #.#
.#?.........#[# #.#
#.>...........####.########
##.......@......@.......#.#######
##.#.#.##.#######.####..#.5.....
##..#.#...# #.####.#.#######
##.....#...# #.##.....#
##..#####...# #<##.#.### #.#.#
#...# ##.##.#.# .##.# #...#
#.......# ####### .##.#
#...#####.###.#.# #......
.##.#####.........###.#.# #..>...


You could see Joseph.

Vanquished Creatures
  2 bats
2 creatures vanquished.

Vanquished Creatures (collateral kills)
  Jeremiah (D:8)
  A troll (D:7)
  Sigmund (D:3)
  6 yaks (D:7)
  A nameless horror (D:4)
  A steam dragon (D:7)
  An acid dragon (D:8)
  4 water moccasins
  2 ice beasts
  A sky beast (D:7)
  2 black bears (D:5)
  The ghost of Bobbunny the Sneak, an amateur FoDe (D:3)
  3 ogres
  2 phantoms
  3 bullfrogs
  A gnoll sergeant (D:8)
  3 scorpions
  4 wights (D:6)
  2 howler monkeys (D:8)
  2 bombardier beetles
  3 orc priests
  4 hounds
  4 jellies
  3 gnoll boudas
  2 sleepcaps
  3 iguanas
  2 orc wizards
  16 gnolls
  3 adders
  A shadow imp (D:5)
  7 dart slugs
  2 ribbon worms
  16 orcs
  5 ball pythons
  2 endoplasms
  3 giant cockroaches
  5 goblins
  5 hobgoblins
  8 jackals
  6 kobolds
  A quokka (D:4)
  5 bats
  3 frilled lizards
  2 rats
153 creatures vanquished.

Vanquished Creatures (others)
  A blazeheart core (D:5)
1 creature vanquished.

Grand Total: 156 creatures vanquished

Notes
Turn   | Place    | Note
-------+----------+-------------------------------------------
     0 | D:1      | CougarLife the Felid Summoner began the quest for the Orb.
     0 | D:1      | Reached XP level 1. HP: 9/9 MP: 4/4
   255 | D:1      | Reached XP level 2. HP: 13/13 MP: 6/6
   258 | D:1      | Learned a level 2 spell: Call Imp
   718 | D:1      | Reached XP level 3. HP: 16/16 MP: 2/8
   979 | D:1      | Learned a level 3 spell: Call Canine Familiar
  2026 | D:2      | Found a basalt altar of Yredelemnul.
  2624 | D:3      | Found a snail-covered altar of Cheibriados.
  2704 | D:3      | Reached XP level 4. HP: 16/21 MP: 5/9
  2704 | D:3      | Gained a life (2 lives remaining)
  2751 | D:3      | Found a sacrificial altar of Ru.
  2762 | D:3      | Found a runed translucent gate.
  2762 | D:3      | Found a runed translucent gate.
  2763 | D:3      | Found a runed translucent gate.
  2768 | D:3      | Noticed Bobbunny's ghost (amateur FoDe)
  2825 | D:3      | Found a faded altar of an unknown god.
  2964 | D:3      | Reached skill level 5 in Summonings
  3065 | D:3      | Noticed Sigmund
  3204 | D:3      | Killed Sigmund
  3205 | D:3      | Reached XP level 5. HP: 22/24 MP: 10/12
  3205 | D:3      | Gained mutation: You are covered in thick fur. (AC +2)
                  | [Felid growth]
  3205 | D:3      | Reached XP level 6. HP: 26/28 MP: 10/13
  3215 | D:3      | Learned a level 4 spell: Summon Blazeheart Golem
  3279 | D:3      | Found Aro Ahot's Jewellery Shop.
  3705 | D:3      | Killed Bobbunny's ghost
  3706 | D:3      | Reached skill level 6 in Summonings
  3965 | D:4      | Reached skill level 5 in Spellcasting
  3990 | D:4      | Slain by a gnoll
  3990 | D:4      | Lost a life (1 life remaining)
  4016 | D:4      | Reached XP level 7. HP: 25/32 MP: 7/15
  4016 | D:4      | Gained a life (2 lives remaining)
  4441 | D:4      | Noticed a nameless horror
  4482 | D:4      | Killed a nameless horror
  4594 | D:4      | Reached skill level 7 in Summonings
  4807 | D:4      | Found a staircase to the Ecumenical Temple.
  4965 | Temple   | Entered the Ecumenical Temple
  4973 | Temple   | Learned a level 4 spell: Summon Lightning Spire
  5429 | D:5      | Entered Level 5 of the Dungeon
  5444 | D:5      | Reached skill level 1 in Fire Magic
  5919 | D:5      | Reached XP level 8. HP: 36/36 MP: 17/17
  5931 | D:5      | Reached skill level 1 in Evocations
  6429 | D:6      | Found a burning altar of Makhleb.
  6913 | D:6      | Reached skill level 8 in Summonings
  7027 | D:6      | Found a hide-covered altar of Uskayaw.
  7027 | D:6      | Found an opulent altar of Gozag.
  7137 | D:6      | Found an ancient bone altar of Kikubaaqudgha.
  7171 | D:6      | Reached XP level 9. HP: 39/39 MP: 19/19
  7178 | D:6      | Became a worshipper of Kikubaaqudgha
  7439 | D:7      | Reached skill level 1 in Air Magic
  7573 | D:7      | Reached skill level 5 in Fire Magic
  7749 | D:7      | Reached skill level 1 in Fighting
  8019 | D:7      | Noticed a troll
  8041 | D:7      | Killed a troll
  8439 | D:7      | Reached * piety under Kikubaaqudgha
  8439 | D:7      | Received a gift from Kikubaaqudgha
  9267 | D:8      | Reached XP level 10. HP: 47/47 MP: 18/21
  9501 | D:8      | Noticed Jeremiah
  9786 | D:8      | Reached skill level 5 in Stealth
  9947 | D:8      | Noticed Joseph
  9951 | D:8      | Shot with a sling bullet by Joseph
  9951 | D:8      | Lost a life (1 life remaining)
  9972 | D:8      | Killed Jeremiah
 10185 | D:8      | Reached skill level 5 in Dodging
 10259 | D:8      | Found a stormy altar of Qazlal.
 10305 | D:8      | Noticed Erica
 10320 | D:8      | Killed from afar by Erica
 10320 | D:8      | Lost a life (0 lives remaining)
 10413 | D:8      | Shot with a sling bullet by Joseph

Illustrated notes

Levels and vault maps discovered:
D:1:      giann_wishing_wells, layout_basic
D:2:      layout_basic, basic_altar
D:3:      layout_loops_corners, kennysheep_slug_shrine,
          nicolae_ru_path_of_blood, serial_shops, nicolae_shop_hallway_plus,
          ebering_ghost_rock_garden, hellmonk_ecumenical_altar_dog_temple,
          chequers_serial_rivers_micro_e, uniq_sigmund
D:4:      layout_layer_cave, minmay_temple_entry_enclosed_plants,
          kennysheep_windowed_goal
D:5:      layout_basic, hex_large, eino_small_chamber_without_monster
D:6:      cheibrodos_quashed, layout_rooms, mainiacjoe_overflow_brackets,
          mainiacjoe_overflow_cross_hatched, nicolae_overflow_hidden_temple,
          mainiacjoe_overflow_large_starburst
D:7:      layout_layer_cave, st_stairs_2
D:8:      layout_loops_cross, kennysheep_little_box, uniq_joseph, uniq_jeremiah,
          uniq_erica
Temple:   nicolae_temple_figure_eight

Skill      XL: |  1  2  3  4  5  6  7  8  9 10 |
---------------+-------------------------------+-----
Spellcasting   | 3 4 5 6 7 |  7.3
Summonings     | 5 6 7 8 |  8.7
Fire Magic     | 2 4 5 |  5.0
Evocations     | 3 4 |  4.8
Air Magic      | 3 4 |  4.2
Stealth        | 4 5 |  5.3
Fighting       | 2 |  2.9
Dodging        | 4 5 |  5.0

Action                     |  1- 3 |  4- 6 |  7- 9 | 10-12 || total
---------------------------+-------+-------+-------+-------++-------
  Melee: Unarmed           |     9 |     1 |     2 |     1 ||    13
         Bite              |       |       |     1 |       ||     1
   Cast: Summon Small Mamm |    21 |     5 |     8 |     1 ||    35
         Call Imp          |    12 |    14 |    33 |     2 ||    61
         Call Canine Famil |    11 |    12 |    36 |     6 ||    65
         Summon Blazeheart |       |     5 |    47 |     9 ||    61
         Summon Lightning  |       |       |    16 |    12 ||    28
  Evoke: Wand              |       |     1 |       |       ||     1
    Use: Scroll            |       |     1 |     8 |     1 ||    10
         Potion            |       |       |       |     1 ||     1
 Armour: Skin              |    15 |    15 |    24 |    13 ||    67
  Dodge: Dodged            |    16 |    40 |    33 |     8 ||    97
